Map: Orbital Shipyard

Players

DMX

  • Race: Protoss Protoss
  • League: Diamond

LilDicky - Winner!

  • Race: Terran Terran
  • League: Diamond

VOD

http://www.twitch.tv/tumescentpie

Description

Time

  • Played on: Dec. 31, 2015, 4:10 p.m.
  • Length: 7:53
Show
View Real Time Build Order
Export as new Build Order

DMX Protoss 

Build Orders: 1 Gate Expand 

Get SALT Encoding   

  12  0:01  Probe (Chrono Boost)  
  13  0:12  Probe (Chrono Boost)  
  14  0:23  Probe (Chrono Boost), Pylon  
  15  0:41  Gateway  
  15  0:42  Probe (Chrono Boost)  
  16  0:52  Probe (Chrono Boost)  
  17  1:03  Probe (Chrono Boost)  
  18  1:19  Nexus  
  18  1:35  Cybernetics Core  
  18  1:38  Pylon  
  18  1:40  Assimilator  
  18  1:45  Assimilator  
  18  1:58  Probe (Chrono Boost)  
  20  2:08  Probe (Chrono Boost)  
  20  2:15  Pylon  
  20  2:19  Probe (Chrono Boost)  
  20  2:20  Stalker  
  22  2:25  Gateway  
  22  2:29  Probe (Chrono Boost)  
  23  2:34  Probe (Chrono Boost)  
  24  2:40  Mothership Core (Chrono Boost)  
  26  2:44  Probe (Chrono Boost)  
  27  2:51  Warp Gate  
  27  2:55  Probe (Chrono Boost)  
  28  2:58  Probe (Chrono Boost)  
  28  3:05  Probe (Chrono Boost)  
  30  3:09  Probe (Chrono Boost)  
  30  3:11  Robotics Facility  
  31  3:16  Probe (Chrono Boost)  
  31  3:18  Adept  
  35  3:20  Probe (Chrono Boost)  
  35  3:23  Adept  
  38  3:27  Probe (Chrono Boost)  
  38  3:32  Pylon  
  38  3:34  Probe (Chrono Boost)  
  36  3:48  Probe x2 (Chrono Boost)  
  38  3:53  Adept  
  40  3:56  Assimilator  
  40  3:59  Observer  
  41  4:06  Probe x2 (Chrono Boost)  
  42  4:10  Adept  
  42  4:16  Assimilator  
  42  4:17  Probe (Chrono Boost)  
  45  4:27  Warp Prism  
  45  4:31  Probe (Chrono Boost)  
  48  4:32  Probe (Chrono Boost)  
  49  4:41  Probe (Chrono Boost)  
  49  4:42  Probe (Chrono Boost)  
  51  4:54  Forge  
  51  4:56  Probe x2 (Chrono Boost)  
  51  4:58  Pylon  
  54  5:07  Probe (Chrono Boost)  
  54  5:11  Probe (Chrono Boost)  
  50  5:14  Stalker x2  
  50  5:17  Probe (Chrono Boost)  
  50  5:20  Observer  
  56  5:21  Probe (Chrono Boost)  
  56  5:28  Probe (Chrono Boost)  
  58  5:41  Photon Cannon  
  58  5:42  Observer  
  59  5:43  Nexus  
  59  5:47  Probe x2 (Chrono Boost)  
  61  5:58  Probe (Chrono Boost)  
  62  6:17  Photon Cannon  
  62  6:21  Photon Cannon  
  62  6:22  Photon Cannon  
  56  6:43  Mothership Core (Chrono Boost)  
  56  6:44  Pylon  
  56  6:47  Photon Cannon x2  
  42  7:11  Pylon  
  42  7:12  Pylon  
  42  7:13  Gateway  
  42  7:14  Pylon  
  42  7:16  Cybernetics Core  
Show
View Real Time Build Order
Export as new Build Order

LilDicky Terran - Winner!

Build Orders: MMM Bio 

Get SALT Encoding   

  12  0:01  SCV  
  13  0:14  SCV  
  14  0:18  Supply Depot  
  14  0:26  SCV  
  15  0:32  Refinery  
  15  0:40  SCV  
  16  0:45  Barracks  
  16  0:56  SCV  
  17  1:08  SCV  
  17  1:27  SCV  
  18  1:44  Marine  
  19  1:48  Supply Depot, Orbital Command  
  19  1:52  Factory  
  19  2:03  Marine  
  20  2:22  Barracks  
  20  2:23  Barracks Reactor  
  20  2:24  Barracks  
  20  2:25  SCV  
  21  2:34  Refinery  
  21  2:37  SCV  
  22  2:49  SCV  
  22  2:51  Supply Depot  
  23  2:58  Widow Mine  
  23  3:01  SCV  
  26  3:10  Barracks Tech Lab  
  26  3:11  Barracks Tech Lab  
  26  3:12  Marine x2  
  28  3:18  SCV  
  28  3:27  Widow Mine  
  30  3:38  Marine  
  30  3:39  Combat Shields, Marine x2  
  30  3:40  Stimpack, Marine  
  30  3:41  SCV  
  35  3:49  Starport  
  35  3:53  SCV  
  34  4:06  Marine  
  34  4:07  Marine x2  
  37  4:11  Supply Depot, Marauder  
  39  4:22  SCV  
  38  4:24  Marine  
  39  4:32  Supply Depot, Medivac, Widow Mine  
  39  4:34  Marauder  
  39  4:36  Marine  
  46  4:44  Marauder  
  48  4:46  Marine  
  48  4:49  SCV  
  50  5:02  SCV  
  49  5:19  Concussive Shells  
  49  5:20  Marauder x2, Marine x2  
  55  5:23  Medivac  
  55  5:25  SCV  
  58  5:31  Supply Depot  
  58  5:43  Marauder x2, Marine  
  63  5:52  Marine  
  56  6:19  Marine x3  
  56  6:20  Marine  
  59  6:37  Marine x2  
  59  6:39  Orbital Command  
  61  6:51  Marine  
  62  6:55  Starport Tech Lab  
Tags
 
Add a new tag
Caveats
  • Supply blocks, unpowered buildings, or Contaminate may cause inaccurate times.
  • Supply counts are checked every 10 seconds.